 Dungeon Crawl Stone Soup version 0.31.0-11-ge490571c62 (webtiles) character file.

Game seed: 4929665692242340811

73 atomiclemming the Chopper (level 4, -3/40 HPs)
             Began as a Draconian Berserker on Jan 30, 2024.
             Was a Believer of Trog.
             Slain by Grinder (6 damage)
             ... on level 3 of the Dungeon.
             The game lasted 00:13:26 (2086 turns).

atomiclemming the Chopper (Draconian Berserker)     Turns: 2086, Time: 00:13:27

Health: -3/40      AC:  5    Str: 19    XL:     4   Next: 8%
Magic:  4/4        EV: 13    Int:  7    God:    Trog [**....]
Gold:   79         SH:  0    Dex: 13    Spells: 3/3 levels left

rFire   . . .        a - +0 hand axe
rCold   . . .        (no shield)
rNeg    . . .        (body armour unavailable)
rPois   .            (helmet restricted)
rElec   .            (no cloak)
rCorr   .            (no gloves)
SInv    .            (no boots)
Will    ++...        (no amulet)
Stlth   +            (no ring)
HPRegen 1.26/turn    (no ring)
MPRegen 0.09/turn

%: no passive effects
@: strong-willed, regenerating
A: AC +5, unfitting armour, cold-blooded
a: Renounce Religion, Berserk, Trog's Hand


You were on level 3 of the Dungeon.
You worshipped Trog.
Trog was pleased with you.
You visited 1 branch of the dungeon, and saw 3 of its levels.

You collected 79 gold pieces.

Inventory:

Hand Weapons
 a - a +0 hand axe (weapon)
 b - a +0 club
Missiles
 j - 6 poisoned darts (quivered)
Magical Staves
 h - a staff of alchemy
Talismans
 f - a flux talisman
Wands
 m - a wand of mindburst (8)
Scrolls
 d - 3 scrolls of identify {unknown}
 e - 2 scrolls of teleportation {unknown}
 i - a scroll of fear {unknown}
 k - a scroll of blinking {unknown}
 l - a scroll of enchant weapon {unknown}
Potions
 c - a potion of enlightenment {unknown}
 g - 3 potions of lignification {unknown}


   Skills:
 + Level 3.9 Fighting
 + Level 3.9 Axes
 + Level 3.4 Dodging


You had 3 spell levels left.
You didn't know any spells.
Your spell library contained the following spells:

 Spells                   Type           Power      Damage    Failure   Level
 Magic Dart               Conj           0%         1d3       43%         1
 Searing Ray              Conj           0%         2d4       56%         2
 Fulminant Prism          Conj/Alch      0%         3d5       99%         4


Dungeon Overview and Level Annotations

Branches:
Dungeon (3/15)

Altars:
Fedhas

Annotations:
D:3 Grinder


Innate Abilities, Weirdness & Mutations

Your plain brown scales are hard. (AC +5)
You cannot fit into any form of body armour.
You are cold-blooded and may be slowed by cold attacks.


Message History

You now have 79 gold pieces (gained 14).
Things that are here:
a +0 dagger; a +0 robe; the human skeleton of Jessica
Things that are here:
a rat skeleton; a bat skeleton
There is a stone staircase leading up here.
Found a short sword.
You see here a +0 short sword.
You see here 2 stones.
There is a stone staircase leading up here.
There is a stone staircase leading down here.
There is a stone staircase leading down here.
You climb downwards.
Found a scroll labelled ZIARPH BUEJOCH.
There is a stone staircase leading up here.
Grinder comes into view.
Grinder shouts!
Found a pair of boots.
Grinder blinks!
Found a book of Cantrips.
Grinder gestures at you. Pain shoots through your body!
You hit Grinder but do no damage. Grinder hits you.
You writhe in agony.
Your skin crawls.
You feel strong-willed. Grinder hits you.
You writhe in agony.
* * * LOW HITPOINT WARNING * * *
You hit Grinder but do no damage. Grinder hits you.
* * * LOW HITPOINT WARNING * * *
You writhe in agony.
* * * LOW HITPOINT WARNING * * *
Unknown command.
You completely miss Grinder. Grinder misses you.
You closely miss Grinder. Grinder hits you.
* * * LOW HITPOINT WARNING * * *
You writhe in agony.
* * * LOW HITPOINT WARNING * * *
Unknown command.
You hit Grinder but do no damage. Grinder hits you.
You die...
Grinder says, "Hey, I wasn't done torturing you yet!"

.......:.......
.............[.
...............
...............
.......?.......
...............
...............
...............
.......@5......
...............
...............
.......<.......
...............
###############


You could see Grinder.

Vanquished Creatures
  Jessica (D:2)
  4 ball pythons
  5 bats
  3 endoplasms
  3 giant cockroaches
  10 goblins
  5 hobgoblins
  2 kobolds
  2 quokkas (D:1)
  A frilled lizard (D:2)
  5 rats
41 creatures vanquished.

Notes
Turn   | Place    | Note
-------+----------+-------------------------------------------
     0 | D:1      | atomiclemming the Draconian Berserker began the quest for
                  | the Orb.
     0 | D:1      | Reached XP level 1. HP: 19/19 MP: 1/1
   114 | D:1      | Reached XP level 2. HP: 25/26 MP: 2/2
   145 | D:1      | Found a faded altar of an unknown god.
   851 | D:1      | Reached ** piety under Trog
   954 | D:1      | Reached XP level 3. HP: 33/33 MP: 3/3
  1556 | D:2      | Noticed Jessica
  1584 | D:2      | Killed Jessica
  1615 | D:2      | Found a blossoming altar of Fedhas.
  1617 | D:2      | Reached XP level 4. HP: 36/40 MP: 4/4
  2076 | D:3      | Noticed Grinder
  2085 | D:3      | HP: 2/40 [Grinder (6)]
  2086 | D:3      | Slain by Grinder

Illustrated notes

Levels and vault maps discovered:
D:1:      saegor_arrival_simple_b, layout_basic,
          chequers_ecumenical_altar_simple,
          nicolae_concentric_dashed_squares_mild, minivault_11,
          minmay_box_of_dots
D:2:      layout_loops_ring, basic_altar, uniq_jessica
D:3:      layout_basic, nicolae_eternal_life, st_stairs_3, uniq_sigmund,
          uniq_grinder

Skill      XL: |  1  2 |
---------------+-------+-----
Dodging        | 3 |  3.4
Fighting       | |  3.9
Axes           | |  3.9

Action                     |  1- 3 |  4- 6 || total
---------------------------+-------+-------++-------
  Melee: Hand axe          |   102 |    13 ||   115
         Tailslap          |     7 |     1 ||     8
         Punch             |     1 |       ||     1
 Invoke: Trog's Hand       |     1 |     1 ||     2
    Use: Potion            |     1 |       ||     1
 Armour: Skin              |    54 |     9 ||    63
  Dodge: Dodged            |    79 |     6 ||    85
